 Dungeon Crawl Stone Soup version 0.25.0-11-g1f837a76a1 (webtiles) character file.

Game seed: 3054398334533975927

170909 t4s4d4r the Brawler (level 17, -14/142 HPs)
             Began as a Demonspawn Fighter on June 26, 2020.
             Was an Initiate of Gozag.
             Killed from afar by a shock serpent (18 damage)
             ... with a bolt of electricity
             ... on level 2 of the Snake Pit.
             The game lasted 01:14:29 (45072 turns).

t4s4d4r the Brawler (Demonspawn Fighter)           Turns: 45072, Time: 01:14:30

Health: -14/142    AC: 29    Str: 29    XL:     17   Next: 13%
Magic:  20/20      EV: 13    Int:  7    God:    Gozag
Gold:   2223       SH: 19    Dex: 16    Spells: 15/16 levels left

rFire    + . .     SeeInvis .     - Unarmed
rCold    + . .     Gourm    .   b - +1 kite shield
rNeg     + . .     Faith    .   U - +4 plate armour {rF+}
rPois    +         Spirit   .   (helmet restricted)
rElec    .         Reflect  +   l - +2 cloak
rCorr    .         Harm     .   (no gloves)
MR       +++..                  t - +1 pair of boots
Stlth    ..........             f - amulet of reflection
HPRegen  0.33/turn              X - ring of Hedonism {rPois rN+ MR++ Str+2 Int-3}
MPRegen  0.17/turn              K - ring of Gaasch {AC+4 Str+4 Dex+3}

@: no status effects
A: antennae 2, claws 2, hooves 2, cold resistance 1, foul stench 2, rot immunity
}: 1/15 runes: decaying
a: Potion Petition, Call Merchant, Bribe Branch, Renounce Religion


You were on level 2 of the Snake Pit.
You worshipped Gozag.
Gozag was most pleased with you.
You were not hungry.

You visited 6 branches of the dungeon, and saw 28 of its levels.
You also visited: Volcano.

You collected 10149 gold pieces.
You spent 4851 gold pieces at shops.
You paid 3075 gold pieces to Gozag.

Inventory:

Hand Weapons
 P - a +5 scimitar of flaming
Missiles
 j - 967 stones (quivered)
Armour
 b - a +1 kite shield (worn)
 l - a +2 cloak (worn)
 t - a +1 pair of boots (worn)
 U - a +4 plate armour of fire resistance (worn)
Jewellery
 f - an amulet of reflection (around neck)
 i - an uncursed ring of flight
 n - the ring of Elukhun {rF+ rN+ Int+4 SInv}
   (You bought it in a shop on level 1 of the Lair of Beasts)

   [ring of see invisible]

   It affects your intelligence (+4).
   It protects you from fire.
   It protects you from negative energy.
   It lets you see invisible.
 y - an uncursed ring of protection from magic
 B - the ring of Beiryxi {rC+ rN+ Stlth+}
   (You found it on level 6 of the Dungeon)

   [ring of protection from cold]

   It protects you from cold.
   It protects you from negative energy.
   It makes you more stealthy.
 C - an uncursed ring of resist corrosion
 K - the ring of Gaasch (right claw) {AC+4 Str+4 Dex+3}
   (You acquired it on level 5 of the Lair of Beasts)

   [ring of protection]

   It affects your AC (+4).
   It affects your strength (+4).
   It affects your dexterity (+3).
 X - the ring of Hedonism (left claw) {rPois rN+ MR++ Str+2 Int-3}
   (You acquired it on level 5 of the Lair of Beasts)

   [ring of positive energy]

   It affects your strength (+2).
   It affects your intelligence (-3).
   It protects you from poison.
   It protects you from negative energy.
   It affects your resistance to hostile enchantments.
Wands
 m - a wand of clouds (5)
 G - a wand of digging (8)
 J - a wand of disintegration (30)
 L - a wand of acid (23)
 N - a wand of enslavement (10)
 W - a wand of iceblast (37)
Scrolls
 a - 2 scrolls of magic mapping
 c - 3 scrolls of fear
 o - 7 scrolls of blinking
 r - 5 scrolls of teleportation
 v - 3 scrolls of fog
 x - 11 scrolls of identify
 E - 2 scrolls of silence
 H - 5 scrolls of remove curse
 S - 2 scrolls of summoning
Potions
 e - 17 potions of curing
 g - 3 potions of heal wounds
 h - 9 potions of flight
 k - 3 potions of haste
 p - 8 potions of mutation
 z - 2 potions of stabbing
 A - 2 potions of lignification
 D - 2 potions of magic
 I - a potion of invisibility
 M - a potion of brilliance
 T - 2 potions of berserk rage
 V - 2 potions of might
 Y - 4 potions of cancellation
Miscellaneous
 O - a phial of floods
 Q - 2 phantom mirrors
 R - a box of beasts
 Z - a lightning rod (4/4)
Comestibles
 d - 12 rations


   Skills:
 - Level 15.5 Fighting
 + Level 11.5 Armour
 - Level 9.2 Dodging
 + Level 10.6 Shields
 + Level 18.5 Unarmed Combat
 - Level 4.2 Evocations


You had 15 spell levels left.
You knew the following spells:

 Your Spells              Type           Power        Failure   Level  Hunger
a - Beastly Appendage     Tmut           #.....       99%         1    ##.....

Your spell library contained the following spells:

 Spells                   Type           Power        Failure   Level  Hunger
 Corona                   Hex            #......      99%         1    ##.....
 Sandblast                Erth           #.....       99%         1    ##.....
 Sting                    Tmut/Pois      #...         99%         1    ##.....
 Passwall                 Tmut/Erth      #.......     100%        2    ###....
 Poisonous Vapours        Pois/Air       #.....       100%        2    ###....
 Slow                     Hex            #.......     100%        2    ###....
 Sticks to Snakes         Tmut           #.......     100%        2    ###....
 Ignite Poison            Fire/Tmut/Pois #.......     100%        3    ####...
 Inner Flame              Hex/Fire       #.......     100%        3    ####...
 Mephitic Cloud           Conj/Pois/Air  #.......     100%        3    ####...
 Portal Projectile        Hex/Tloc       #.....       100%        3    ####...
 Spider Form              Tmut/Pois      #.........   100%        3    ####...
 Static Discharge         Conj/Air       #.......     100%        3    ####...
 Stone Arrow              Conj/Erth      #.....       100%        3    ####...
 Cause Fear               Hex            #.........   100%        4    #####..
 Ice Form                 Ice/Tmut       #.......     100%        4    #####..
 Leda's Liquefaction      Hex/Erth       #.........   100%        4    #####..
 Olgreb's Toxic Radiance  Pois           #.......     100%        4    #####..
 Petrify                  Tmut/Erth      #.......     100%        4    #####..
 Summon Lightning Spire   Summ/Air       #.......     100%        4    #####..
 Blade Hands              Tmut           #.........   100%        5    ######.
 Irradiate                Conj/Tmut      #.........   100%        5    ######.
 Lee's Rapid Deconstruct  Erth           #.........   100%        5    ######.
 Lightning Bolt           Conj/Air       #.........   100%        5    ######.
 Silence                  Hex/Air        #.........   100%        5    ######.
 Conjure Ball Lightning   Conj/Air       #.........   100%        6    #######
 Hydra Form               Tmut           #.........   100%        6    #######
 Statue Form              Tmut/Erth      #........    100%        6    #######
 Dragon Form              Tmut           #.........   100%        7    #######
 Malign Gateway           Summ/Tloc      #.........   100%        7    #######
 Monstrous Menagerie      Summ           #.........   100%        7    #######
 Summon Greater Demon     Summ           #.........   100%        7    #######
 Ignition                 Fire           #.........   100%        8    #######
 Summon Horrible Things   Summ           #.........   100%        8    #######
 Shatter                  Erth           #.........   100%        9    #######
 Tornado                  Air            #.........   100%        9    #######


Dungeon Overview and Level Annotations

Branches:
Dungeon (13/15)            Temple (1/1) D:4            Lair (6/6) D:8
  Swamp (4/4) Lair:2        Snake (2/4) Lair:4        Slime (0/5) Lair:6
    Orc (2/2) D:12            Elf (0/3) Orc:2       Volcano (visited)
 Vaults: D:13-14

Altars:
Ashenzari
Cheibriados
Dithmenos
Elyvilon
Fedhas
Gozag
Hepliaklqana
Kikubaaqudgha
Makhleb
Nemelex Xobeh
Okawaru
Qazlal
Ru
Sif Muna
Trog
Uskayaw
Vehumet
Wu Jian
Xom
Yredelemnul
Zin
The Shining One
Beogh
Jiyva

Shops:
D:7 ?   Orc:2 *(}(}   Lair:1 ?=!

Annotations:
D:4 exclusion: door
D:5 1 runed translucent door, Crazy Yiuf
D:11 3 runed translucent doors, DevastatorOne's ghost, journeyman MiMo
Lair:5 1 runed translucent door, Hyawatha's ghost, novice HOIE
Lair:6 exclusion: 2 oklob plants
Snake:2 Saint Roka


Innate Abilities, Weirdness & Mutations

You have a pair of antennae on your head.
You have very sharp fingernails.
You have hoof-like feet.
Your flesh is cold resistant. (rC+)
You frequently emit foul miasma when damaged in melee.
You are immune to rotting.


Message History

The shock serpent completely resists.
The orc warrior no longer looks unusually strong.
You block the shock serpent's attack.
You mangle the shock serpent!!
The shock serpent is heavily wounded.
The shock serpent's electric aura discharges, shocking you!
The orc no longer looks unusually strong.
The shock serpent shoots out a bolt of lightning at you!
The bolt of electricity hits you!!
The shock serpent bites you but does no damage.
The shock serpent bites you.
* * * LOW HITPOINT WARNING * * *
The shock serpent shocks you!
* * * LOW HITPOINT WARNING * * *
The shock serpent shoots out a bolt of lightning at you!
The bolt of electricity hits you!!
* * * LOW HITPOINT WARNING * * *
The bolt of electricity hits you!!
You die...
Your body crumbles into a pile of gold.

#(......... ##..........
##(..........$
.####.>).........
#........(.........
#.###.........()(.....#
#.##..##...##..........
#.##...#####.......##..
#.#......@.......###
#..............#...##.
#....#..oS...().......
#....#...o....#.......
#.........###.........$..
#.....}.o## ##....#.......
#......>.#####....##......
#.....##...#{...###.......
##......##.{o{.###......$..


You could see a shock serpent (sick), 2 orc warriors and an orc.

Vanquished Creatures
  Jorgrun (Swamp:1)
  A tentacled monstrosity (Swamp:4)
  A thorn hunter (Swamp:2)
  Donald (Swamp:3)
  2 orc warlords
  Aizul (Snake:1)
  An entropy weaver (Lair:5)
  A very ugly thing (Swamp:4)
  2 green deaths (Swamp:4)
  An ice dragon (shapeshifter) (D:12)
  An ogre mage (Volcano)
  18 hydras
  3 shambling mangroves
  2 naga warriors (Snake:1)
  2 catoblepae (Lair:3)
  5 anacondas
  A centaur warrior (D:12)
  6 two-headed ogres
  2 thrashing horrors (Swamp:4)
  A queen ant (Lair:5)
  17 alligators
  Urug (D:10)
  3 naga sharpshooters
  3 orc high priests (Orc:2)
  2 shock serpents (Snake:1)
  19 spriggans
  Sonja (Lair:5)
  A hell knight (Volcano)
  A spriggan druid (Swamp:2)
  An unseen horror (D:12)
  5 swamp dragons
  4 naga ritualists
  A wolf spider zombie (D:7)
  9 mana vipers
  5 orc knights (Orc:2)
  9 ugly things
  6 orc sorcerers
  A cyclops (D:12)
  8 elephants (Lair:3)
  3 centaur zombies
  21 black mambas
  3 centaur skeletons
  Joseph (D:8)
  3 naga magi (Snake:1)
  2 molten gargoyles (Volcano)
  20 spiny frogs
  A gargoyle (D:12)
  An orange demon (Swamp:4)
  A kobold demonologist (D:11)
  3 rime drakes
  2 efreet (D:12)
  A redback zombie (D:7)
  7 komodo dragons
  2 hellwings (D:7)
  7 polar bears
  4 trolls
  A large abomination (Swamp:4)
  7 tyrant leeches
  11 hornets
  21 blink frogs
  9 bog bodies
  21 slime creatures
  7 hippogriffs
  2 dream sheep (Lair:6)
  6 shadows
  2 wyverns
  A basilisk (Lair:4)
  40 yaks
  A human (D:7)
  13 vampire mosquitoes
  2 hungry ghosts (D:8)
  4 hogs (D:7)
  3 chaos spawn
  21 insubstantial wisps
  11 nagas
  4 wargs
  13 swamp worms
  5 soldier ants (Lair:5)
  10 porcupines
  A hornet zombie (D:7)
  14 water moccasins
  41 orc warriors
  5 ice beasts
  An eye of draining (D:12)
  4 necrophages (D:7)
  3 phantoms
  7 black bears
  A sky beast (D:11)
  4 swamp drakes
  4 boggarts (Lair:6)
  29 wolves
  9 ogres
  18 centaurs
  15 crocodiles
  2 big kobolds
  20 bullfrogs
  5 scorpions
  2 wyvern skeletons (D:7)
  A water moccasin skeleton (D:10)
  3 killer bees (D:7)
  14 wights
  4 howler monkeys
  3 crimson imps
  3 lava snakes (Volcano)
  2 bullfrog zombies
  A quasit (D:7)
  2 gnoll shamans (D:8)
  9 hounds
  2 jellies
  A bullfrog skeleton (D:11)
  29 orc priests
  39 orc wizards
  5 iguanas
  18 worker ants
  A hound zombie (D:6)
  Robin (D:4)
  12 gnolls
  A howler monkey skeleton (D:4)
  2 worker ant zombies
  23 adders
  6 shadow imps
  An ooze (D:3)
  3 adder skeletons
  2 worms
  3 dart slugs
  5 leopard geckos
  87 orcs
  5 giant cockroaches
  18 goblins
  10 hobgoblins
  21 jackals
  7 quokkas
  6 ball pythons
  10 bats
  4 frilled lizards
  19 kobolds
  2 leopard gecko skeletons (D:6)
  5 rats
  3 fungi
1025 creatures vanquished.

Vanquished Creatures (others)
  A naga mage (Snake:1)
  A hornet (Swamp:4)
  A spriggan (Swamp:2)
  6 fungi
  8 plants
  4 withered plants
21 creatures vanquished.

Grand Total: 1046 creatures vanquished

Notes
Turn   | Place    | Note
-------+----------+-------------------------------------------
     0 | D:1      | t4s4d4r the Demonspawn Fighter began the quest for the Orb.
     0 | D:1      | Reached XP level 1. HP: 18/18 MP: 1/1
    22 | D:1      | Reached skill level 2 in Unarmed Combat
   233 | D:1      | Gained mutation: You have a pair of small antennae on your
                  | head. [demonic ancestry]
   233 | D:1      | Reached XP level 2. HP: 21/24 MP: 2/2
   562 | D:1      | Reached skill level 3 in Unarmed Combat
  1378 | D:2      | Gained mutation: You have large cloven feet. [demonic
                  | ancestry]
  1378 | D:2      | Reached XP level 3. HP: 20/29 MP: 3/3
  1816 | D:2      | Reached skill level 4 in Unarmed Combat
  1816 | D:2      | Gained mutation: You are immune to rotting. [demonic
                  | ancestry]
  1816 | D:2      | Reached XP level 4. HP: 28/35 MP: 4/4
  2106 | D:2      | Found a bloodstained altar of Trog.
  2678 | D:3      | HP: 1/35 [worker ant (4)]
  3002 | D:3      | Gained mutation: You may emit foul miasma when damaged in
                  | melee. [demonic ancestry]
  3002 | D:3      | Reached XP level 5. HP: 32/41 MP: 5/5
  3119 | D:2      | Reached skill level 5 in Unarmed Combat
  4031 | D:4      | Found a sacrificial altar of Ru.
  4042 | D:4      | Reached XP level 6. HP: 34/47 MP: 6/6
  4296 | D:4      | Reached skill level 1 in Dodging
  4299 | D:4      | Noticed Robin
  4331 | D:4      | Reached skill level 6 in Unarmed Combat
  4340 | D:4      | Killed Robin
  4915 | D:4      | Found a staircase to the Ecumenical Temple.
  4932 | Temple   | Entered the Ecumenical Temple
  5246 | D:4      | Gained mutation: You have hoof-like feet. [demonic
                  | ancestry]
  5246 | D:4      | Reached XP level 7. HP: 41/52 MP: 7/7
  5339 | D:4      | Found a white marble altar of Elyvilon.
  5340 | D:4      | Found an iron altar of Okawaru.
  5341 | D:4      | Found a basalt altar of Yredelemnul.
  5445 | D:4      | Found a shimmering blue altar of Sif Muna.
  5596 | D:5      | Entered Level 5 of the Dungeon
  5895 | D:5      | Reached skill level 7 in Unarmed Combat
  5964 | D:5      | Found an ancient bone altar of Kikubaaqudgha.
  6076 | D:5      | Gained mutation: You have a pair of antennae on your head.
                  | [demonic ancestry]
  6076 | D:5      | Reached XP level 8. HP: 40/58 MP: 8/8
  6086 | D:5      | Reached skill level 8 in Unarmed Combat
  6651 | D:5      | Found an ornate altar of the Wu Jian Council.
  7328 | D:5      | Found a runed translucent door.
  7329 | D:5      | Noticed Crazy Yiuf
  7485 | D:6      | Found a blossoming altar of Fedhas.
  7551 | D:6      | Reached skill level 9 in Unarmed Combat
  8212 | D:6      | Found an opulent altar of Gozag.
  8219 | D:6      | Became a worshipper of Gozag Ym Sagoz the Greedy
  8241 | D:6      | Got a scintillating copper ring
  8715 | D:7      | HP: 2/58 [hornet zombie (3)]
  8724 | D:7      | Reached skill level 10 in Unarmed Combat
  8724 | D:7      | Gained mutation: You have sharp fingernails. [demonic
                  | ancestry]
  8724 | D:7      | Reached XP level 9. HP: 29/63 MP: 9/9
  8787 | D:7      | Identified the ring of Beiryxi {rC+ rN+ Stlth+} (You found
                  | it on level 6 of the Dungeon)
  8922 | D:7      | Noticed a hellwing
  8945 | D:7      | Noticed a hellwing
  9230 | D:7      | Reached skill level 5 in Armour
  9635 | D:7      | Reached skill level 11 in Unarmed Combat
  9780 | D:7      | Reached skill level 5 in Fighting
  9780 | D:7      | Gained mutation: You frequently emit foul miasma when
                  | damaged in melee. [demonic ancestry]
  9780 | D:7      | Reached XP level 10. HP: 28/74 MP: 10/10
 10025 | D:7      | Found Uluu's Magic Scroll Shop.
 10038 | D:7      | Bought a scroll of enchant armour for 105 gold pieces
 10059 | D:7      | Bought a scroll of teleportation for 42 gold pieces
 10059 | D:7      | Bought a scroll of identify for 28 gold pieces
 10059 | D:7      | Bought a scroll of identify for 28 gold pieces
 10059 | D:7      | Bought a scroll of identify for 28 gold pieces
 10914 | D:7      | Reached skill level 12 in Unarmed Combat
 11235 | D:8      | Found a staircase to the Lair.
 11821 | D:8      | Noticed Joseph
 11836 | D:8      | Killed Joseph
 12837 | D:9      | Reached XP level 11. HP: 84/84 MP: 11/11
 12839 | D:9      | Found a shadowy altar of Dithmenos.
 12856 | D:9      | Noticed a two-headed ogre
 12868 | D:9      | Killed a two-headed ogre
 13379 | D:9      | Noticed a +0 hand axe
 13379 | D:9      | Noticed a +0 dagger
 13383 | D:9      | Found a hide-covered altar of Uskayaw.
 13474 | D:9      | Got a polished chain mail
 13585 | D:9      | Identified the cursed +1 chain mail "Inkirim" {rPois Str-4
                  | Int+3 Dex+2} (You found it on level 9 of the Dungeon)
 13609 | D:10     | Entered Level 10 of the Dungeon
 13619 | D:10     | Reached skill level 5 in Shields
 14377 | D:10     | Noticed Urug
 14394 | D:10     | Reached skill level 13 in Unarmed Combat
 14411 | D:11     | Noticed a purple ugly thing
 14677 | D:10     | Killed Urug
 15738 | D:11     | Noticed a red ugly thing
 15764 | D:11     | Killed a red ugly thing
 16063 | D:11     | Killed a purple ugly thing
 16144 | D:11     | Noticed a two-headed ogre
 16374 | D:11     | Killed a two-headed ogre
 16594 | D:11     | Noticed a six-headed hydra
 17066 | D:11     | Found a runed translucent gate.
 17067 | D:11     | Found a runed translucent gate.
 17068 | D:11     | Found a runed translucent gate.
 17070 | D:11     | Noticed DevastatorOne's ghost (journeyman MiMo)
 17111 | D:11     | Killed a six-headed hydra
 17119 | D:11     | Gained mutation: You have very sharp fingernails. [demonic
                  | ancestry]
 17119 | D:11     | Reached XP level 12. HP: 45/94 MP: 12/12
 17640 | D:12     | Reached skill level 14 in Unarmed Combat
 18120 | D:12     | Found a staircase to the Orcish Mines.
 18154 | D:12     | Noticed a centaur warrior
 18163 | D:12     | Killed a centaur warrior
 18522 | D:12     | Noticed a six-headed hydra
 18944 | D:12     | Killed a six-headed hydra
 19203 | D:12     | Found the +7 mace of Variability {chain chaos}
 19609 | D:12     | Noticed an ice dragon
 19637 | D:12     | Killed an ice dragon
 20172 | D:12     | Found a shimmering altar of Xom.
 20535 | D:12     | Found a roughly hewn altar of Beogh.
 21078 | Lair:1   | Entered Level 1 of the Lair of Beasts
 21352 | Lair:1   | Reached skill level 15 in Unarmed Combat
 21422 | Lair:1   | Reached XP level 13. HP: 86/101 MP: 13/13
 22655 | Lair:2   | Reached skill level 5 in Dodging
 22915 | Lair:2   | Found a dark tunnel.
 22923 | Volcano  | Entered a volcano
 24115 | Volcano  | Found a radiant altar of Vehumet.
 25517 | Lair:2   | Reached skill level 16 in Unarmed Combat
 25731 | Lair:2   | Found a staircase to the Swamp.
 26392 | Lair:3   | Reached XP level 14. HP: 82/108 MP: 14/14
 28258 | Lair:4   | Found a staircase to the Snake Pit.
 28717 | Lair:5   | Noticed Sonja
 28720 | Lair:5   | Killed Sonja
 28801 | Lair:5   | Found a runed translucent door.
 28801 | Lair:5   | Noticed Hyawatha's ghost (novice HOIE)
 28969 | Lair:5   | Identified 3 scrolls of acquirement
 28970 | Lair:5   | Got the ring of Hedonism {rPois rN+ MR++ Str+2 Int-3}
 28979 | Lair:5   | Got the ring of Gaasch {AC+4 Str+4 Dex+3}
 29017 | Lair:5   | Noticed an entropy weaver
 29024 | Lair:5   | Noticed an entropy weaver
 29028 | Lair:5   | Killed an entropy weaver
 29091 | Lair:5   | Reached skill level 10 in Fighting
 29946 | Lair:6   | Entered Level 6 of the Lair of Beasts
 30457 | Lair:6   | Reached skill level 17 in Unarmed Combat
 31427 | Lair:6   | Found a viscous altar of Jiyva.
 31427 | Lair:6   | Found a staircase to the Slime Pits.
 31849 | Lair:6   | Reached skill level 1 in Evocations
 32405 | Orc:1    | Entered Level 1 of the Orcish Mines
 32667 | Orc:1    | Noticed an orc warlord
 32696 | Orc:1    | Killed an orc warlord
 32696 | Orc:1    | Reached XP level 15. HP: 86/126 MP: 16/16
 33284 | Orc:2    | Entered Level 2 of the Orcish Mines
 33420 | Orc:2    | Found a staircase to the Elven Halls.
 33994 | Orc:2    | Found Dikkadgh's Assorted Antiques.
 34214 | Orc:2    | Reached skill level 15 in Fighting
 34234 | Orc:2    | Noticed an orc warlord
 34305 | Orc:2    | Killed an orc warlord
 35434 | Orc:2    | Found Joxe's Antique Weapon Boutique.
 35434 | Orc:2    | Found Ranit's Gadget Emporium.
 35436 | Orc:2    | Found Aluiw's Gadget Boutique.
 35436 | Orc:2    | Found Uxeroin's Weapon Emporium.
 35447 | Orc:2    | Bought a wand of clouds (6) for 420 gold pieces
 35447 | Orc:2    | Bought a wand of iceblast (8) for 168 gold pieces
 35450 | Orc:2    | Bought a phantom mirror for 330 gold pieces
 35450 | Orc:2    | Bought a box of beasts for 220 gold pieces
 35450 | Orc:2    | Bought a wand of acid (13) for 374 gold pieces
 35450 | Orc:2    | Bought a wand of iceblast (11) for 165 gold pieces
 35493 | Orc:2    | Bought a scroll of blinking for 210 gold pieces
 35493 | Orc:2    | Bought a scroll of blinking for 210 gold pieces
 35493 | Orc:2    | Bought a potion of haste for 280 gold pieces
 35493 | Orc:2    | Bought a potion of curing for 84 gold pieces
 35493 | Orc:2    | Bought a scroll of identify for 56 gold pieces
 35493 | Orc:2    | Bought a blackened silver ring for 140 gold pieces
 35706 | Lair:1   | Bought a scroll of teleportation for 48 gold pieces
 35706 | Lair:1   | Bought a scroll of enchant armour for 120 gold pieces
 35709 | Lair:1   | Bought an uncursed amulet of reflection for 480 gold pieces
 35719 | Lair:1   | Bought the ring of Elukhun {rF+ rN+ Int+4 SInv} for 665
                  | gold pieces
 35722 | Lair:1   | Bought a potion of haste for 130 gold pieces
 35722 | Lair:1   | Bought a potion of invisibility for 104 gold pieces
 35722 | Lair:1   | Bought a potion of mutation for 104 gold pieces
 35722 | Lair:1   | Bought a potion of berserk rage for 65 gold pieces
 35722 | Lair:1   | Bought 2 potions of cancellation for 208 gold pieces
 35722 | Lair:1   | Bought a potion of curing for 39 gold pieces
 35765 | Swamp:1  | Entered Level 1 of the Swamp
 36502 | Swamp:1  | Noticed Jorgrun
 36515 | Swamp:1  | Killed Jorgrun
 37984 | Swamp:2  | Noticed a thorn hunter
 38007 | Swamp:2  | Killed a thorn hunter
 38909 | Swamp:3  | Noticed Donald
 38922 | Swamp:3  | Killed Donald
 38922 | Swamp:3  | Gained mutation: Your flesh is cold resistant. (rC+)
                  | [demonic ancestry]
 38922 | Swamp:3  | Reached XP level 16. HP: 107/136 MP: 19/19
 40071 | Swamp:4  | Entered Level 4 of the Swamp
 40619 | Swamp:4  | Reached skill level 10 in Armour
 41579 | Swamp:4  | Reached skill level 18 in Unarmed Combat
 41720 | Swamp:4  | Noticed a tentacled monstrosity
 41766 | Swamp:4  | Killed a tentacled monstrosity
 42501 | Swamp:4  | Got a decaying rune of Zot
 42800 | Lair:1   | Learned a level 1 spell: Beastly Appendage
 42867 | Snake:1  | Entered Level 1 of the Snake Pit
 43219 | Snake:1  | Reached skill level 10 in Shields
 44319 | Snake:1  | Noticed Aizul
 44332 | Snake:1  | Killed Aizul
 44606 | Snake:1  | Reached XP level 17. HP: 135/142 MP: 20/20
 45050 | Snake:2  | Noticed Saint Roka
 45072 | Snake:2  | HP: 4/142 [shock serpent/bolt of electricity (24)]
 45072 | Snake:2  | Killed from afar by a shock serpent

Illustrated notes

Levels and vault maps discovered:
D:1:      dpeg_arrival_leaves_temple_mockup, layout_basic,
          minmay_close_crescents
D:2:      layout_basic, nicolae_overflow_crystal_walls
D:3:      layout_rooms
D:4:      layout_loops_corners, led_sif_book, nicolae_ru_sacrificial_ziggurat,
          grunt_temple_overflow_open, minmay_temple_entry_nine_rooms,
          first_ration, grunt_decor_fettered, uniq_robin
D:5:      layout_basic, nicolae_overflow_hidden_temple, kennysheep_little_box,
          uniq_crazy_yiuf_cottage
D:6:      layout_loops_ring, grunt_gozag_statues, kennysheep_mini_moat,
          kennysheep_generic_room_9
D:7:      cheibrodos_grave_circle, layout_loops_corners, serial_shops, shop,
          serial_undead, serial_undead_c, serial_undead_e, serial_undead_b,
          serial_undead_d, grunt_livestock, lightli_orcish_oven
D:8:      layout_loops_cross, erik_lair_orcish_takeover, centaur_isle,
          uniq_joseph
D:9:      layout_grid_maze, dancing_weapons_uskayaw,
          grunt_dithmenos_smoke_and_mirrors
D:10:     layout_loops_corners, st_stairs_14, uniq_urug
D:11:     layout_small_grid, gammafunk_ghost_necromancy
D:12:     minmay_tri_box, layout_irregular_city, minmay_orc_entry_temple_small,
          minmay_guarded_unrand_variability
D:13:     layout_basic, skrybe_vaults_entry_preservation
Temple:   chequers_temple_sunken
Lair:1:   layout_chaotic_city, grunt_megastairs_2, lemuel_fruit_tree
Lair:2:   layout_chaotic_city, minmay_swamp_entry_worms,
          nicolae_volcano_entry_two_sided, infiniplex_staircase_pool_2
Lair:3:   layout_regular_city, kennysheep_catoblepas_arena
Lair:4:   layout_concentric_octagons, minmay_snake_entry_six_corridors,
          lemuel_fruit_fields
Lair:5:   layout_cave_shapes, gammafunk_ghost_grave, wad_woods_antlair,
          serial_bayou_shore_a, uniq_sonja
Lair:6:   minmay_lair_end_enchanted_forest, layout_big_grid,
          dpeg_slime_entry_enclosed_altar, st_stairs_13, grunt_megastairs_1,
          minmay_lair_oklob_chamber, serial_bayou_shore_b
Swamp:1:  layout_basic_swamp, hangedman_swamp_blocks, uniq_jorgrun
Swamp:2:  layout_basic_swamp, nicolae_swamp_dense_foliage
Swamp:3:  layout_falls_marsh, evilmike_swamp_ruin_house_4, uniq_donald
Swamp:4:  swamp_vile, layout_basic_swamp
Snake:1:  layout_honeycomb, uniq_aizul
Snake:2:  layout_onion_interference, uniq_roxanne, uniq_saint_roka
Orc:1:    layout_diamond_mine
Orc:2:    grunt_orc_tribal_feast, layout_caves, serial_shops,
          nicolae_shop_overgrown_old_shop

Skill      XL: |  1  2  3  4  5  6  7  8  9 10 11 12 13 14 15 16 |
---------------+-------------------------------------------------+-----
Unarmed Combat | 2 3 4 5 6 7 10 11 12 13 15 16 17 18 | 18.5
Dodging        | 2 3 4 8 9 |  9.2
Armour         | 3 5 7 9 11 | 11.5
Fighting       | 5 7 8 9 14 15 | 15.5
Shields        | 4 6 8 10 | 10.6
Evocations     | 2 4 |  4.2

Action                   |  1- 3 |  4- 6 |  7- 9 | 10-12 | 13-15 | 16-18 || total
-------------------------+-------+-------+-------+-------+-------+-------++-------
Melee: Unarmed           |   187 |   232 |   339 |   866 |  1556 |   608 ||  3788
       Kick              |    13 |    72 |   153 |    52 |       |       ||   290
Invok: Potion Petition   |       |       |       |       |     1 |     1 ||     2
       Call Merchant     |       |       |       |       |     3 |       ||     3
Evoke: Wand              |       |       |       |    16 |     9 |     1 ||    26
       Lightning rod     |       |       |       |       |     4 |     1 ||     5
       Phial of floods   |       |       |       |       |     1 |       ||     1
       Box of beasts     |       |       |       |       |       |     1 ||     1
  Use: Potion            |       |     3 |     1 |     2 |     3 |     3 ||    12
       Scroll            |       |     8 |     3 |    13 |    26 |     2 ||    52
 Stab: Distracted        |       |       |       |     5 |    10 |     7 ||    22
       Sleeping          |       |       |       |       |    10 |     2 ||    12
       Invisible         |       |       |       |       |     1 |     4 ||     5
       Confused          |       |       |       |       |     1 |       ||     1
  Eat: Chunk             |     3 |    11 |     9 |       |       |       ||    23
       Ration            |       |       |     2 |    12 |    17 |     6 ||    37
Armor: Scale mail        |    97 |    57 |       |       |       |       ||   154
       Chain mail        |       |    22 |    62 |       |       |       ||    84
       Plate armour      |       |       |    48 |   437 |   597 |   245 ||  1327
       Skin              |       |       |       |       |    33 |       ||    33
Dodge: Dodged            |    50 |    57 |    48 |   177 |   446 |   206 ||   984
Block: Kite shield       |   103 |    98 |   129 |   432 |   914 |   571 ||  2247
       Reflection        |       |       |       |       |     7 |    24 ||    31
